 Dungeon Crawl Stone Soup version 0.30-a0-341-g682706514a (webtiles) character file.

Game seed: 7976335427374090700

86 Elric the Poker (level 4, 0/9 (33) HPs)
             Began as a Merfolk Reaver on Nov 2, 2022.
             Slain by a hell rat (8 damage)
             ... in a sewer.
             The game lasted 00:04:03 (2729 turns).

Elric the Poker (Merfolk Reaver)                    Turns: 2729, Time: 00:04:04

HP:   0/9 (33)      AC:  4    Str: 14    XL:     4   Next: 50%
MP:   7/7           EV: 15    Int: 12    God:
Gold: 108           SH:  0    Dex: 12    Spells: 4/7 levels left

rFire   . . .      SeeInvis .    a - +0 spear
rCold   . . .      Faith    .    (no shield)
rNeg    . . .      Spirit   .    b - +0 leather armour
rPois   .          Reflect  .    (no helmet)
rElec   .          Harm     .    o - +0 cloak
rCorr   .          Rampage  .    (no gloves)
Will    .....                    (boots currently unavailable)
Stlth   ++........               (no amulet)
HPRegen 0.21/turn                (no ring)
MPRegen 0.10/turn                (no ring)

@: extremely drained, very quick
A: nimble swimmer 2, mertail
a: no special abilities


You were in a sewer.
You visited 1 branch of the dungeon, and saw 3 of its levels.
You also visited: Sewer.

You collected 108 gold pieces.

Inventory:

Hand Weapons
 a - a +0 spear (weapon)
Armour
 b - a +0 leather armour (worn)
 o - a +0 cloak (worn)
Jewellery
 q - a ring of magical power
Scrolls
 c - 2 scrolls of noise {unknown}
 d - a scroll of butterflies {unknown}
 e - 2 scrolls of teleportation {unknown}
 h - a scroll of brand weapon {unknown}
 i - 2 scrolls of fear {unknown}
 k - a scroll of enchant weapon {unknown}
 m - 2 scrolls of identify {unknown}
 n - a scroll of immolation {unknown}
Potions
 f - a potion of heal wounds
 g - a potion of brilliance {unknown}
 j - a potion of haste {unknown}
 l - a potion of degeneration {unknown}
 p - a potion of flight {unknown}


   Skills:
 - Level 2.1 Fighting
 + Level 5.6 Polearms
 - Level 2.6 Dodging
 - Level 2.0 Spellcasting
 + Level 3.4 Conjurations


You had 4 spell levels left.
You knew the following spells:

 Your Spells              Type           Power      Damage    Failure   Level
a - Kiss of Death         Conj/Necr      20%        2d7       17%         1
b - Momentum Strike       Conj/Tloc      10%        3d8       26%         2

Your spell library contained the following spells:

 Spells                   Type           Power      Damage    Failure   Level
 Magic Dart               Conj           36%        1d4       9%          1
 Call Imp                 Summ           1%         N/A       45%         2
 Hailstorm                Conj/Ice       5%         3d4       45%         3
 Mephitic Cloud           Conj/Pois/Air  3%         N/A       54%         3


Dungeon Overview and Level Annotations

Branches:
Dungeon (3/15)              Sewer (1/1)

Altars:
Cheibriados

Shops:
D:2 (


Innate Abilities, Weirdness & Mutations

You are very nimble when in or above water. (Stealth+, EV+, Speed+++)
Your lower body shifts to a powerful aquatic tail in water.


Message History

Your legs become a tail as you enter the water.
You see here a rat corpse.
Your legs become a tail as you enter the water.
Your legs become a tail as you enter the water.
Your legs become a tail as you enter the water.
Your legs become a tail as you enter the water.
Your legs become a tail as you enter the water.
Your legs become a tail as you enter the water.
You see here a rat corpse.
Your legs become a tail as you enter the water.
You open the door.
A hell rat comes into view.
Found four items.
Found a gate leading back out of this place.
A hell rat is nearby!
Found three items.
The hell rat roars deafeningly!
There is an open door here.
Your legs become a tail as you enter the water.
You barely miss the hell rat.
Your tail-slap misses the hell rat.
The hell rat splashes around in the water.
You closely miss the hell rat.
You punch the hell rat, but do no damage.
The hell rat splashes around in the water.
You closely miss the hell rat.
The hell rat splashes around in the water.
You hit the hell rat but do no damage.
The hell rat bites you but does no damage.
You hit the hell rat but do no damage. The hell rat closely misses you.
You barely miss the hell rat.
Your tail-slap misses the hell rat.
The hell rat misses you.
You hit the hell rat.
The hell rat is lightly wounded.
The hell rat bites you.
You feel drained.
You closely miss the hell rat.
You tail-slap the hell rat, but do no damage.
The hell rat is lightly wounded.
The hell rat bites you!
Ouch! That really hurt!
You die...

###~..###
#~.~...~#
##~..~.~~##
#...###~.~#
##.~##.##..##
#~†.#~~~#~~~#
#~.##~.?##.~#
#~~#~~~?!#~.#
#.~'@r~?∩#∩∩#
#~~#~~~??#~†#
#~~##~.?##.~#
#~~~#..~#.~.#
##..##.##.~##
#~~~###.~.#
##.~~~.~~##
#.~~..~~#
###.~.###


You could see a hell rat.

Vanquished Creatures
  An adder (D:3)
  2 river rats (Sewer)
  A worm (D:3)
  A dart slug (D:1)
  3 endoplasms (D:1)
  A giant cockroach (D:2)
  3 goblins
  8 hobgoblins
  4 jackals (D:1)
  4 kobolds
  3 quokkas (D:1)
  2 ball pythons (D:1)
  7 bats
  3 frilled lizards
  10 rats
53 creatures vanquished.

Notes
Turn   | Place    | Note
-------+----------+-------------------------------------------
     0 | D:1      | Elric the Merfolk Reaver began the quest for the Orb.
     0 | D:1      | Reached XP level 1. HP: 16/16 MP: 3/3
     6 | D:1      | Noticed a rime drake
     6 | D:1      | Noticed a komodo dragon
     6 | D:1      | Noticed a killer bee
     7 | D:1      | Noticed a swamp worm
    91 | D:1      | Reached XP level 2. HP: 13/13 MP: 3/5
  1256 | D:1      | Reached XP level 3. HP: 19/19 MP: 6/6
  1685 | D:1      | Reached skill level 5 in Polearms
  1992 | D:2      | Found Sigh's Antique Weapon Emporium.
  2013 | D:2      | Found a snail-covered altar of Cheibriados.
  2114 | D:2      | Found a faded altar of an unknown god.
  2483 | D:3      | Reached XP level 4. HP: 18/23 MP: 7/7
  2489 | D:3      | Learned a level 2 spell: Momentum Strike
  2624 | D:3      | Found a glowing drain.
  2628 | Sewer    | Entered a sewer
  2729 | Sewer    | Slain by a hell rat

Illustrated notes

Levels and vault maps discovered:
D:1:      onia_arrival_zoo_common, layout_basic, minmay_misc_feat_enclosed,
          serial_bayou_ford_a
D:2:      layout_rooms, basic_altar, hellmonk_ecumenical_altar_zigzags,
          serial_shops, nicolae_shop_hallway_stairs, minivault_14
D:3:      layout_rooms, grunt_gozag_statues, gup_sewer_entry_bowl,
          minmay_splitting_lines
Sewer:    sewer_hellmonk_bad_rat

Skill      XL: |  1  2  3 |
---------------+----------+-----
Conjurations   | 3 |  3.4
Polearms       | 5 |  5.6
Fighting       | |  2.1
Dodging        | |  2.6
Spellcasting   | |  2.0

Action                   |  1- 3 |  4- 6 || total
-------------------------+-------+-------++-------
Melee: Spear             |   130 |    56 ||   186
       Tailslap          |     2 |     3 ||     5
       Punch             |       |     1 ||     1
 Cast: Kiss of Death     |     4 |     3 ||     7
       Momentum Strike   |       |     1 ||     1
  Use: Potion            |       |     1 ||     1
 Stab: Sleeping          |     5 |     1 ||     6
Armor: Leather armour    |    25 |     9 ||    34
Dodge: Dodged            |    56 |    17 ||    73

Table legend: (Time is in decaauts)
 A = Elapsed time spent in this place.
 B = Non-inter-level travel time spent in this place.
 C = Inter-level travel time spent in this place.
 D = Time resting spent in this place.
 E = Time spent auto-exploring this place.
 F = Levels seen in this place.
 G = Mean time per level.
                   A        B        C        D        E       F      G
               +--------+--------+--------+--------+--------+-----+--------+
         Total |   2677 |   2578 |     99 |    859 |   1395 |   4 |  669.2 |
       Dungeon |   2591 |   2492 |     99 |    859 |   1348 |   3 |  863.7 |
         Sewer |     85 |     85 |      0 |      0 |     47 |   1 |   85.0 |
               +--------+--------+--------+--------+--------+-----+--------+

Top non-repeatable levels by time:
     D:1: 1786 daAuts
     D:2: 638 daAuts
     D:3: 166 daAuts
   Sewer: 85 daAuts
